 Dungeon Crawl Stone Soup version 0.17.2-1-ge4368a0 (webtiles) character file.

73 Goblin1989 the Insei (level 4, 16/35 HPs)
             Began as a Demonspawn Monk on Aug 6, 2016.
             Quit the game on level 2 of the Dungeon.
             The game lasted 00:04:03 (1128 turns).

Goblin1989 the Insei (Demonspawn Monk)              Turns: 1128, Time: 00:04:04

Health: 16/35      AC:  8    Str: 12    XL:     4   Next: 8%
Magic:  4/4        EV: 10    Int: 11    God:
Gold:   30         SH:  0    Dex: 16    Spells: 0 memorised, 3 levels left

rFire  + . .     SeeInvis .       - Unarmed
rCold  . . .     Clarity  .     m - +0 scale mail (curse)
rNeg   . . .     SustAt   .     (no shield)
rPois  .         Gourm    .     (helmet restricted)
rElec  .         Spirit   .     k - +0 cloak
rCorr  .         Warding  .     (no gloves)
rMut   .         Stasis   .     (no boots)
MR     .....                    (no amulet)
Stlth  +.........               (no ring)
                                (no ring)

@: not resistant to hostile enchantments, very unstealthy
A: antennae 1, molten scales 1, fire resistance 1
a: no special abilities


You were on level 2 of the Dungeon.
You were hungry.

You visited 1 branch of the dungeon, and saw 2 of its levels.

You collected 30 gold pieces.

Inventory:

Armour
 k - a +0 cloak (worn)
 m - a cursed +0 scale mail (worn)
Jewellery
 l - a +6 ring of protection {unknown}
Scrolls
 a - a scroll of immolation {unknown}
 e - 2 scrolls of remove curse {unknown}
 f - a scroll of identify {unknown}
 g - a scroll of enchant weapon {unknown}
 n - a scroll of magic mapping {unknown}
Potions
 h - a potion of agility
 j - a potion of curing
Comestibles
 b - a bread ration
 d - a royal jelly
 i - a slice of pizza


   Skills:
 - Level 3.0 Fighting
 - Level 2.6 Dodging
 - Level 1.7 Stealth
 + Level 5.1 Unarmed Combat


You had 3 spell levels left.
You didn't know any spells.

Dungeon Overview and Level Annotations

Branches:
Dungeon (2/15)

Altars:


Innate Abilities, Weirdness & Mutations

You have a pair of small antennae on your head.
You are partially covered in molten scales (AC +1).
Your flesh is heat resistant.


Message History

The gnoll hits you but does no damage.
You hit the gnoll.
The gnoll is moderately wounded.
The gnoll closely misses you.
You punch the gnoll!
The gnoll is almost dead.
The gnoll closely misses you.
You hit the gnoll but do no damage.
The gnoll is almost dead.
You closely miss the gnoll.
The gnoll is almost dead.
The gnoll hits you but does no damage.
You hit the gnoll.
You kill the gnoll!
You have reached level 4!
You feel agile.
Your demonic ancestry asserts itself...
A pair of antennae grows on your head!
You regained 2 hp, and now have 16/35 hp.
MP restored: 4 Are you sure you want to abandon this character and quit the game? (Confirm with "yes".)

#.......#
#.......#
#.......#
#.......##### ##
#...........# .
#.......###.## .#
#.......# #..##
##.### #.......#
##..########......
#.......#
##...@)))..[#.#
#.......#
#########..#.#
######.## #.....#
#......#
####....##
#......##
#.......#
........#
###.##..>.#
........#
#.........#
........#
#.##.#....#
........#
#.##.##....#


There were no monsters in sight!

Vanquished Creatures
  A gnoll (D:2)
  3 adders (D:2)
  A worm (D:2)
  3 bats
  4 giant cockroaches
  5 goblins
  3 hobgoblins (D:1)
  5 kobolds
  A quokka (D:2)
  2 giant geckos (D:1)
  3 giant newts
  5 rats
36 creatures vanquished.

Notes
Turn   | Place    | Note
--------------------------------------------------------------
     0 | D:1      | Goblin1989 the Demonspawn Monk began the quest for the Orb.
     0 | D:1      | Reached XP level 1. HP: 18/18 MP: 1/1
   375 | D:1      | Reached skill level 4 in Unarmed Combat
   400 | D:1      | Gained mutation: You are partially covered in molten scales (AC +1). [demonic ancestry]
   400 | D:1      | Reached XP level 2. HP: 18/24 MP: 2/2
   722 | D:2      | Gained mutation: Your flesh is heat resistant. [demonic ancestry]
   722 | D:2      | Reached XP level 3. HP: 29/29 MP: 3/3
  1048 | D:2      | Reached skill level 5 in Unarmed Combat
  1127 | D:2      | Gained mutation: You have a pair of small antennae on your head. [demonic ancestry]
  1127 | D:2      | Reached XP level 4. HP: 16/35 MP: 4/4
  1128 | D:2      | Quit the game

Action                   |  1- 3 |  4- 6 || total
-------------------------+-------+-------++-------
Melee: Unarmed           |   186 |       ||   186
  Use: Potion            |     3 |       ||     3
